 Dungeon Crawl Stone Soup version 0.28-a0-1493-g08698888e4 (webtiles) character file.

Game seed: 14307791677198336614

422 a3don the Sneak (level 6, -10/30 HPs)
             Began as a Spriggan Venom Mage on Jan 13, 2022.
             Shot with an arrow by a centaur (11 damage)
             ... on level 4 of the Dungeon.
             The game lasted 00:12:08 (4743 turns).

a3don the Sneak (Spriggan Venom Mage)               Turns: 4743, Time: 00:12:09

Health: -10/30     AC:  2    Str:  4    XL:     6   Next: 63%
Magic:  8/12       EV: 18    Int: 19    God:
Gold:   88         SH:  0    Dex: 15    Spells: 6/12 levels left

rFire   + . .      SeeInvis +   a - +1 hunting sling
rCold   . . .      Faith    .   (no shield)
rNeg    . . .      Spirit   .   q - +0 robe {rF+}
rPois   .          Reflect  .   (helmet restricted)
rElec   .          Harm     .   (no cloak)
rCorr   .          Rampage  .   (gloves unavailable)
Will    +....                   (boots unavailable)
Stlth   +++.......              (no amulet)
HPRegen 0.10/turn               (no ring)
MPRegen 0.13/turn               (no ring)

@: very slightly contaminated, very quick
A: very small, no large weapons, unfitting armour, see invisible, speed 3
a: no special abilities


You were on level 4 of the Dungeon.
You visited 1 branch of the dungeon, and saw 4 of its levels.

You collected 88 gold pieces.

Inventory:

Hand Weapons
 a - a +1 hunting sling (weapon)
 b - a +0 dagger
 v - a +0 shortbow
Missiles
 i - 80 stones (quivered ammo)
 j - 6 poisoned darts
 k - 16 sling bullets
 n - 64 bolts
 w - 8 arrows
Armour
 q - a +0 robe of fire resistance (worn)
Scrolls
 d - a scroll of amnesia
 e - a scroll of identify
 g - a scroll of immolation {unknown}
 l - a scroll of summoning {unknown}
 m - a scroll of fog {unknown}
 r - a scroll of vulnerability {unknown}
 s - 2 scrolls of enchant weapon
Potions
 c - a potion of invisibility {unknown}
 f - a potion of might {unknown}
 h - a potion of flight {unknown}
 o - a potion of haste
 p - a potion of curing
 t - a potion of attraction {unknown}
 u - a potion of lignification {unknown}


   Skills:
 + Level 1.6 Fighting
 + Level 4.1 Dodging
 + Level 4.6 Stealth
 + Level 3.9 Spellcasting
 + Level 1.1 Conjurations
 + Level 3.2 Transmutations
 + Level 1.4 Air Magic
 * Level 4.5 Poison Magic


You had 6 spell levels left.
You knew the following spells:

 Your Spells              Type           Power      Damage    Failure   Level
a - Sting                 Tmut/Pois      72%        1d6       2%          1
b - Poisonous Vapours     Pois/Air       30%        N/A       6%          2
c - Mephitic Cloud        Conj/Pois/Air  12%        N/A       16%         3

Your spell library contained the following spells:

 Spells                   Type           Power      Damage    Failure   Level
 Olgreb's Toxic Radiance  Pois           20%        N/A       22%         4
 Ozocubu's Refrigeration  Ice            1%         4d5       100%        7
 Ignition                 Fire           1%         3d3       100%        8


Dungeon Overview and Level Annotations

Branches:
Dungeon (4/15)
 Temple: D:4-7

Altars:

Shops:
D:4 *


Innate Abilities, Weirdness & Mutations

You are very small and have problems with some larger weapons.
You are too small for most types of armour.
You have supernaturally acute eyesight. (SInv)
You cover ground extremely quickly. (Speed+++)


Message History

The centaur shoots an arrow.
The arrow hits you!
Casting: Sting (safe; 2% risk of failure)
Confirm with . or Enter, or press ? or * to list all spells.
Aiming: Poisonous Vapours (safe; 6% risk of failure)
Press: ? - help, Dir - move target, f/p - centaur
Aim: a centaur, wielding a +0 shortbow and quivering arrows (lightly wounded) Poisonous vapours surround the centaur!
The centaur is poisoned.
The centaur shoots an arrow.
The arrow misses you.
Found Xuokicsa's General Store.
Found a manual of Stealth.
There is a stone staircase leading up here.
You climb upwards.
There is a stone staircase leading down here.
You start resting.
HP restored.
You climb downwards.
There is a stone staircase leading up here.
As you open the door, it creaks loudly!
The centaur shoots an arrow.
The arrow hits you!
Casting: Poisonous Vapours (safe; 6% risk of failure)
Confirm with . or Enter, or press ? or * to list all spells.
Aiming: Poisonous Vapours (safe; 6% risk of failure)
Press: ? - help, Dir - move target, f - centaur
Aim: a centaur, wielding a +0 shortbow and quivering arrows Poisonous vapours surround the centaur!
The centaur is poisoned.
The centaur shoots an arrow.
The arrow hits you!
* * * LOW HITPOINT WARNING * * *
Casting: Poisonous Vapours (safe; 6% risk of failure)
Confirm with . or Enter, or press ? or * to list all spells.
Aiming: Poisonous Vapours (safe; 6% risk of failure)
Press: ? - help, Dir - move target, f/p - centaur
Aim: a centaur, wielding a +0 shortbow and quivering arrows (poisoned)
You miscast Poisonous Vapours.
You are very lightly contaminated with residual magic.
Nothing appears to happen.
The centaur shoots an arrow.
The arrow closely misses you.
The centaur shoots an arrow.
The arrow hits you!
* * * LOW HITPOINT WARNING * * *
The centaur shoots an arrow.
The arrow hits you!
You die...

#.#....#:#...#∩.#
##'#..#...#.#....#
##.....##...##..8.#
.. ##
##.......##$##.....#
#.##.##
##..................#
.....#
#.................#
.(...
+..)..............#
(..#
#..<......####....#
(.# ##..@....##
##...#
#.######.....## #.###
#.#.........## #.#
#(#.####.#'## #.#
#.#.# #.#(# #.#
#.#.####.#.# #.#
#.....##.#c## #.#
###.#.##....## #.#
#(#.##.....# #.#


You could see a centaur (poisoned).

Vanquished Creatures
  Sigmund (D:2)
  A centaur (D:4)
  An orc priest (D:3)
  Natasha (twice) (D:2)
  A gnoll (D:1)
  A howler monkey skeleton (D:4)
  2 adders (D:2)
  2 worms (D:3)
  3 dart slugs
  3 orcs (D:3)
  3 endoplasms
  5 hobgoblins
  3 jackals (D:2)
  A quokka (D:1)
  3 ball pythons
  3 bats
  7 frilled lizards
  2 goblins
  3 kobolds
  2 rats (D:1)
49 creatures vanquished.

Notes
Turn   | Place    | Note
-------+----------+-------------------------------------------
     0 | D:1      | a3don the Spriggan Venom Mage began the quest for the Orb.
     0 | D:1      | Reached XP level 1. HP: 9/9 MP: 5/5
   120 | D:1      | Reached XP level 2. HP: 12/13 MP: 0/6
  1159 | D:1      | Found a faded altar of an unknown god.
  1275 | D:2      | Noticed Natasha
  1284 | D:2      | Killed Natasha
  1285 | D:2      | Reached XP level 3. HP: 15/17 MP: 1/8
  1355 | D:2      | Learned a level 2 spell: Poisonous Vapours
  1359 | D:2      | Learned a level 3 spell: Mephitic Cloud
  1916 | D:2      | Reached XP level 4. HP: 21/21 MP: 6/9
  2077 | D:2      | Noticed Sigmund
  2262 | D:2      | Killed Sigmund
  2263 | D:2      | Reached skill level 1 in Fighting
  2263 | D:2      | Reached skill level 1 in Air Magic
  2263 | D:2      | Reached XP level 5. HP: 15/25 MP: 0/11
  2589 | D:2      | Noticed Natasha
  2601 | D:2      | Killed Natasha
  2800 | D:2      | Reached XP level 6. HP: 30/30 MP: 6/12
  3621 | D:3      | Reached skill level 1 in Conjurations
  4234 | D:4      | HP: 1/30 [centaur/arrow (7)]
  4569 | D:4      | Found Xuokicsa's General Store.
  4742 | D:4      | HP: 1/30 [centaur/arrow (7)]
  4743 | D:4      | Shot with an arrow by a centaur

Illustrated notes

Levels and vault maps discovered:
D:1:      ncdulo_wetmaze, layout_loops_cross, shapermc_ecumenical_altar_petra
D:2:      layout_loops_ring, uniq_natasha, uniq_sigmund
D:3:      layout_basic
D:4:      layout_loops_corners, temple_hall, serial_shops, shop_statue,
          minmay_manual_mares, uniq_pargi

Skill      XL: |  1  2  3  4  5  6 |
---------------+-------------------+-----
Dodging        | 3 4 |  4.1
Spellcasting   | 3 |  3.9
Transmutations | 2 3 |  3.2
Fighting       | 1 |  1.6
Stealth        | 4 |  4.6
Air Magic      | 1 |  1.4
Poison Magic   | 4 |  4.5
Conjurations   | 1 |  1.1

Action                   |  1- 3 |  4- 6 || total
-------------------------+-------+-------++-------
Melee: Dagger            |    25 |       ||    25
 Fire: Hunting sling     |       |    53 ||    53
 Cast: Sting             |    38 |    14 ||    52
       Poisonous Vapours |     7 |    37 ||    44
  Use: Scroll            |       |     3 ||     3
       Potion            |       |     1 ||     1
 Stab: Sleeping          |     5 |       ||     5
Armor: Robe              |     6 |       ||     6
Dodge: Dodged            |    35 |    26 ||    61

Table legend: (Time is in decaauts)
 A = Elapsed time spent in this place.
 B = Non-inter-level travel time spent in this place.
 C = Inter-level travel time spent in this place.
 D = Time resting spent in this place.
 E = Time spent auto-exploring this place.
 F = Levels seen in this place.
 G = Mean time per level.
                   A        B        C        D        E       F      G
               +--------+--------+--------+--------+--------+-----+--------+
         Total |   3863 |   3777 |     86 |   1959 |   1227 |   4 |  965.8 |
       Dungeon |   3863 |   3777 |     86 |   1959 |   1227 |   4 |  965.8 |
               +--------+--------+--------+--------+--------+-----+--------+

Top non-repeatable levels by time:
     D:2: 1495 daAuts
     D:1: 999 daAuts
     D:3: 983 daAuts
     D:4: 385 daAuts
